cohdb
Replays
Latest Replays
All Replays
Popular Replays
Top Player Replays
Match Explorer
How It Works
Community
CoH3 Stats
Reddit
Sign in to upload your games and track your stats! →
Sign in with Steam
Match 45720530
Unlisted
Match 45720530
Overview
Messages
Build Orders
End
Kettenkrad Recon Vehicle
Construct Infanterie Kompanie
Selects Breakthrough Battlegroup
Selects Assault Grenadiers
Grenadier Squad
Grenadier Squad
MG 42 Machine Gun Team
Construct Panzergrenadier Kompanie
MG 42 Machine Gun Team
Pak 40 Anti-tank Gun Team
Construct Panzer Kompanie
Selects Breakthrough
Selects Mechanized Assault Group
Mechanized Assault Group
Selects Rapid Production
Panzer IV Medium Tank
Stoßtruppen Squad
Ghost
aSIIDemolitionHammer
Angrybirds
Ark Royal
0
0
Comments
sign in to comment!
No comments posted yet!